 Dungeon Crawl Stone Soup version 0.23-a0-78-gc252fe1 (console) character file.

73533 nht the Brawler (level 15, -4/136 HPs)
             Began as a Troll Fighter on Aug 10, 2018.
             Was the Champion of Hepliaklqana.
             Slain by a merfolk
             ... wielding a +0 trident
              (6 damage)
             ... on level 1 of the Shoals.
             The game lasted 00:33:03 (17424 turns).

nht the Brawler (Troll Fighter)                    Turns: 17424, Time: 00:33:04

Health: -4/136     AC:  7    Str: 36      XL:     15   Next: 4%
Magic:  19/19      EV: 10    Int:  4 (6)  God:    Hepliaklqana [******]
Gold:   1156       SH: 12    Dex:  9      Spells: 14/14 levels left

rFire    + + .     SeeInvis +     - Unarmed
rCold    + + .     Gourm    +   b - +0 shield
rNeg     . . .     Faith    +   A - +2 robe {rC+ rF+}
rPois    +         Spirit   .   (helmet restricted)
rElec    +         Reflect  .   (no cloak)
rCorr    +         Harm     .   (gloves unavailable)
MR       +....                  (boots unavailable)
Stlth    +.........             t - amulet of faith
HPRegen  0.72/turn              j - +5 ring of slaying
MPRegen  0.16/turn              l - ring of see invisible

@: mighty, resistant, engulfed (cannot breathe)
A: large, unfitting armour, reduced essence, claws 3, fast metabolism 3,
gourmand, regeneration 1, shaggy fur 1, tough skin 2
a: Recall Ancestor, Ancestor Identity, Transference, Idealise, Renounce Religion


You were on level 1 of the Shoals.
You worshipped Hepliaklqana.
Hepliaklqana was exalted by your worship.
You were not hungry.

You visited 3 branches of the dungeon, and saw 22 of its levels.
You also visited: Labyrinth.

You collected 1604 gold pieces.
You spent 448 gold pieces at shops.

Inventory:

Hand Weapons
 I - the +9 staff of Wucad Mu {channel}
   (You found it in a labyrinth)
Missiles
 a - 17 poisoned javelins
 E - 8 javelins
 G - 3 throwing nets
 L - 13 tomahawks (quivered)
 W - 10 large rocks
Armour
 b - a +0 shield (worn)
 A - a +2 robe of resistance (worn)
 D - a +1 robe of magic resistance
 N - +0 fire dragon scales
Jewellery
 j - a +5 ring of slaying (left claw)
 l - a ring of see invisible (right claw)
 t - an amulet of faith (around neck)
 v - an uncursed ring of protection from fire
 Q - an uncursed ring of positive energy
 T - an uncursed ring of wizardry {unknown}
Wands
 g - a wand of disintegration (2)
 i - a wand of polymorph (22)
 C - a wand of flame (55)
 F - a wand of enslavement (28)
 M - a wand of digging (23)
 O - a wand of paralysis (12)
 P - a wand of random effects (51)
 S - a wand of iceblast (13)
 U - a wand of acid (3)
Scrolls
 e - 12 scrolls of remove curse
 f - 3 scrolls of fear
 k - 7 scrolls of teleportation
 n - 10 scrolls of amnesia
 p - 3 scrolls of fog
 q - 6 scrolls of blinking
 w - 5 scrolls of identify
 y - 2 scrolls of magic mapping
 J - 7 scrolls of enchant weapon
 X - a scroll of enchant armour
Potions
 c - 3 potions of might
 h - 5 potions of invisibility
 o - 3 potions of haste
 r - 5 potions of curing
 u - 6 potions of heal wounds
 x - a potion of mutation
 z - 3 potions of flight
 B - 4 potions of brilliance
 H - 2 potions of magic
 K - a potion of agility
Miscellaneous
 R - a lamp of fire (inert)
 V - a crystal ball of energy
Comestibles
 d - 44 rations


   Skills:
 + Level 10.4 Fighting
 + Level 9.6 Throwing
 + Level 2.2 Armour
 - Level 2.4 Dodging
 - Level 10.0 Shields
 * Level 16.1 Unarmed Combat
 + Level 7.7 Invocations


You had 14 spell levels left.
You didn't know any spells.
Your spell library contained the following spells:

 Spells                   Type           Power        Failure   Level  Hunger
 Magic Dart               Conj           #...         50%         1    ##.....
 Conjure Flame            Conj/Fire      #.......     86%         3    ####...
 Bolt of Cold             Conj/Ice       #.........   100%        6    #######
 Confuse                  Hex            #.......     86%         3    ####...
 Throw Frost              Conj/Ice       #.....       65%         2    ###....
 Freezing Cloud           Conj/Ice/Air   #.........   100%        6    #######
 Mephitic Cloud           Conj/Pois/Air  #.......     86%         3    ####...
 Ring of Flames           Chrm/Fire      #.........   100%        7    #######
 Summon Small Mammal      Summ           #...         50%         1    ##.....
 Iskenderun's Mystic Bla  Conj           #.......     99%         4    #####..
 Animate Dead             Necr           N/A          99%         4    #####..
 Summon Ice Beast         Ice/Summ       #.......     99%         4    #####..
 Call Imp                 Summ           #.......     65%         2    ###....
 Regeneration             Chrm/Necr      #.........   86%         3    ####...
 Tukima's Dance           Hex            #.......     86%         3    ####...
 Recall                   Summ/Tloc      N/A          86%         3    ####...
 Death Channel            Necr           #.........   100%        6    #######
 Call Canine Familiar     Summ           #.......     86%         3    ####...
 Ensorcelled Hibernation  Hex/Ice        #.....       65%         2    ###....
 Corona                   Hex            #......      50%         1    ##.....
 Sandblast                Erth           #.....       50%         1    ##.....
 Simulacrum               Ice/Necr       #.........   100%        6    #######
 Shroud of Golubria       Chrm/Tloc      #.........   65%         2    ###....
 Fulminant Prism          Conj/Hex       #.........   99%         4    #####..
 Dazzling Spray           Conj/Hex       #.....       86%         3    ####...
 Force Lance              Conj/Tloc      #.......     99%         4    #####..
 Infusion                 Chrm           #...         50%         1    ##.....
 Song of Slaying          Chrm           #.......     65%         2    ###....
 Spectral Weapon          Hex/Chrm       #.......     86%         3    ####...
 Searing Ray              Conj           #.....       65%         2    ###....
 Summon Lightning Spire   Summ/Air       #.......     99%         4    #####..
 Summon Guardian Golem    Hex/Summ       #.......     86%         3    ####...
 Poisonous Vapours        Pois/Air       #.....       65%         2    ###....
 Borgnjor's Vile Clutch   Necr/Erth      #.........   100%        5    ######.


Dungeon Overview and Level Annotations

Branches:
Dungeon (15/15)            Temple (0/1) D:6            Lair (6/6) D:9
 Shoals (1/4) Lair:4       Spider (0/4) Lair:2        Slime (0/5) Lair:6
    Orc (0/2) D:9          Vaults (0/5) D:14         Depths (0/5) D:15

Altars:
Cheibriados
Dithmenos
Gozag
Hepliaklqana
Kikubaaqudgha
Makhleb
Ru
Sif Muna
Trog
Uskayaw
Wu Jian
Xom
The Shining One
Lugonu

Shops:
D:5 }   D:8 (   D:10 [=(?   D:12 (

Annotations:
D:6 3 runed doors, HydraWiggins's ghost, novice GnVM
Lair:6 exclusion: 3 oklob plants
Shoals:1 Nikola


Innate Abilities, Weirdness & Mutations

You are too large for most types of armour.
You have claws for hands.
Your metabolism is lightning-fast.
You like to eat raw meat.
Your natural rate of healing is unusually fast.
You are covered in fur. (AC +1)
You have very tough skin. (AC +2)
Your life essence is reduced to manifest your ancestor. (-10% HP)


Message History

You block the sea snake's attack. You block the water elemental's attack.
The sea snake completely misses you.
A snapping turtle comes into view.
You block the merfolk's attack.
The merfolk hits you from afar with a trident!
* * * LOW HITPOINT WARNING * * *
Nikola hits you with a rapier of electrocution!
* * * LOW HITPOINT WARNING * * *
You barely miss Nikola.
Nikola is heavily wounded.
You block the sea snake's attack.
You feel much better. The water elemental hits you.
* * * LOW HITPOINT WARNING * * *
The water elemental engulfs you in water!
Nikola hits you with a rapier of electrocution.
* * * LOW HITPOINT WARNING * * *
The merfolk hits you from afar with a trident!
* * * LOW HITPOINT WARNING * * *
The merfolk hits you from afar with a trident.
You die...

...██.≈≈≈≈≈≈≈≈≈≈≈≈
≈..≈≈≈≈≈≈≈≈≈≈≈≈≈≈
..≈≈≈≈≈≈≈≈≈≈≈≈≈
█.≈≈≈≈≈≈≈≈≈≈≈≈
█.≈c≈≈≈≈/..≈≈
███.<≈≈.≈.(....
≈≈..≈≈≈≈≈≈m≈m██.. ≈
≈≈≈≈≈≈≈≈≈≈≈≈E███≈≈≈≈
≈≈≈≈≈≈≈≈≈≈≈@@S...m≈≈
≈≈≈≈≈≈≈≈≈≈..██..≈≈≈.
≈≈≈≈≈≈≈≈≈≈.... .≈≈≈.
≈≈≈≈≈≈≈≈≈≈≈≈... ≈≈≈.
≈≈≈≈≈≈≈≈≈≈≈≈... ≈≈≈
≈≈≈≈≈≈≈≈≈≈.. t≈
....≈≈≈≈≈≈≈ ≈
.███.≈≈


You could see Nikola, a sea snake, a snapping turtle, 2 merfolk, a faun, a water
elemental and a water nymph.

Vanquished Creatures
  Kirke (Lair:6)
  A fire dragon (Lair:2)
  Josephine (D:10)
  A vault guard (D:14)
  Fannar (D:12)
  2 hydras
  Harold (D:8)
  A dancing weapon (D:9)
  A centaur warrior (D:14)
  A satyr (shapeshifter) (D:15)
  2 two-headed ogres
  A tengu warrior (D:13)
  9 death yaks
  The ghost of tilp the Frost Mage, a novice MfIE (D:9)
  An unseen horror (D:14)
  A glowing orange brain (D:15)
  8 ugly things
  Pikel (D:8)
  An oklob plant (Lair:6)
  A deep elf mage (D:15)
  9 slime creatures
  2 manticores
  A cyclops (D:14)
  5 elephants
  2 merfolk sirens (Lair:4)
  2 black mambas
  2 gargoyles
  7 spiny frogs
  5 komodo dragons
  3 molten gargoyles (Lair:6)
  A rime drake (Lair:6)
  2 polar bears
  A jumping spider (Lair:2)
  2 meliai (D:15)
  2 hornets
  A merfolk (Lair:4)
  A meliai zombie (D:15)
  5 hippogriffs
  3 dream sheep (Lair:4)
  15 blink frogs
  A shadow (D:11)
  A wraith (D:10)
  4 yaks
  9 wyverns
  4 hogs (Lair:6)
  2 basilisks
  3 steam dragons
  3 vampire mosquitoes (D:13)
  Edmund (D:5)
  A soldier ant (D:12)
  An acid dragon (D:14)
  8 porcupines
  5 hell hounds (Lair:6)
  4 water moccasins
  4 orc warriors
  6 sky beasts
  5 ice beasts
  An eye of draining (D:9)
  A black bear (Lair:5)
  3 ogres
  A necrophage (D:12)
  3 phantoms (D:9)
  4 wolves
  2 boggarts (D:14)
  4 centaurs
  12 crocodiles
  2 big kobolds
  19 bullfrogs
  2 gnoll sergeants (D:7)
  6 scorpions
  13 killer bees
  3 vampire bats (D:9)
  An electric eel (Lair:4)
  20 wights
  3 howler monkeys
  5 crimson imps
  7 lava snakes
  7 hounds
  5 orc priests
  2 jellies
  3 iguanas
  Jessica (D:2)
  4 bullfrog skeletons
  5 centaur skeletons
  4 orc wizards
  14 worker ants
  A hound zombie (D:11)
  2 hound skeletons
  A worker ant zombie (D:11)
  9 gnolls
  12 adders
  5 shadow imps
  2 oozes
  An adder skeleton (D:5)
  A worm (D:3)
  A worm (shapeshifter) (D:15)
  2 dart slugs (D:2)
  4 leopard geckos
  32 orcs
  A ball python (D:1)
  10 bats
  A bat skeleton (D:9)
  2 bat zombies (D:9)
  2 giant cockroaches
  13 hobgoblins
  7 kobolds
  5 quokkas
  3 frilled lizards
  4 goblins
  A jackal skeleton (D:8)
  A quokka skeleton (D:7)
  2 rats
  A plant (Lair:6)
453 creatures vanquished.

Vanquished Creatures (collateral kills)
  A minotaur (Lab)
  A fire dragon (Lair:6)
  4 hydras
  A two-headed ogre (D:9)
  2 catoblepae (Lair:6)
  2 death yaks (Lair:4)
  Sonja (D:10)
  2 unseen horrors
  A lindwurm (Lair:6)
  An oklob plant (Lair:6)
  An ugly thing (D:15)
  A cyclops (D:14)
  3 elephants
  Psyche (D:8)
  A black mamba (Lair:6)
  A komodo dragon (Lair:6)
  A troll (D:11)
  A meliai (D:15)
  A merfolk (Lair:4)
  A polar bear (Lair:5)
  2 dream sheep (Lair:4)
  A hornet (D:11)
  3 slime creatures
  5 blink frogs
  4 hippogriffs
  2 wraiths (D:10)
  A spriggan (Lair:5)
  3 wyverns
  A fire elemental (D:12)
  A vampire mosquito (D:13)
  3 basilisks
  A water moccasin (Lair:6)
  A porcupine (Lair:5)
  A sky beast (D:10)
  2 wolves
  A boggart (D:14)
  An ogre (D:10)
  A crocodile (Lair:2)
  A big kobold (D:11)
  2 bullfrogs
  4 killer bees (D:9)
  A wight (D:6)
  A crimson imp (D:6)
  3 lava snakes
  A centaur skeleton (D:5)
  2 hounds
  An orc priest (D:10)
  A worker ant (D:5)
  3 orc wizards (D:4)
  A worker ant zombie (D:5)
  3 adders
  2 gnolls (D:8)
  A shadow imp (D:13)
  A leopard gecko (D:4)
  8 orcs
  A bat skeleton (D:9)
  A bat zombie (D:9)
  4 kobolds
  A fungus (Lair:2)
  A plant (Lair:6)
106 creatures vanquished.

Vanquished Creatures (others)
  A snapping turtle (Shoals:1)
  A slave (D:8)
  A sky beast (D:14)
  9 battlemagi
  A jelly (D:8)
  A bush (Lair:6)
  33 fungi
  9 plants
56 creatures vanquished.

Grand Total: 615 creatures vanquished

Notes
Turn   | Place    | Note
-------+----------+-------------------------------------------
     0 | D:1      | nht the Troll Fighter began the quest for the Orb.
     0 | D:1      | Reached XP level 1. HP: 22/22 MP: 0/0
   278 | D:1      | Reached XP level 2. HP: 29/29 MP: 1/1
   796 | D:2      | Noticed Jessica
   809 | D:2      | Killed Jessica
   809 | D:2      | Reached skill level 3 in Unarmed Combat
   809 | D:2      | Reached XP level 3. HP: 36/36 MP: 2/2
  1327 | D:2      | Reached XP level 4. HP: 44/44 MP: 3/3
  1482 | D:3      | Reached skill level 4 in Unarmed Combat
  1482 | D:3      | Reached XP level 5. HP: 46/53 MP: 4/4
  1736 | D:3      | Found a faded altar of an unknown god.
  1767 | D:3      | Became a worshipper of Hepliaklqana the Forgotten
  1767 | D:3      | Reached * piety under Hepliaklqana
  2184 | D:4      | Reached XP level 6. HP: 54/54 MP: 5/5
  2272 | D:4      | Reached skill level 5 in Unarmed Combat
  2603 | D:4      | Noticed an ice beast
  2611 | D:4      | Killed an ice beast
  2611 | D:4      | Reached XP level 7. HP: 41/61 MP: 6/6
  2788 | D:5      | Entered Level 5 of the Dungeon
  2789 | D:5      | Found Daiv's Gadget Shop.
  2792 | D:5      | Reached ** piety under Hepliaklqana
  2917 | D:5      | Noticed Edmund
  2920 | D:5      | Reached skill level 6 in Unarmed Combat
  2927 | D:5      | Killed Edmund
  3143 | D:5      | Reached skill level 7 in Unarmed Combat
  3143 | D:5      | Reached XP level 8. HP: 53/71 MP: 7/7
  3319 | D:5      | Reached *** piety under Hepliaklqana
  3487 | D:5      | Remembered your ancestor Amurritum as a battlemage
  3599 | D:6      | Found a staircase to the Ecumenical Temple.
  3611 | D:6      | Noticed HydraWiggins's ghost (novice GnVM)
  3688 | D:6      | Found an ornate altar of the Wu Jian Council.
  3780 | D:6      | Found a runed gate.
  3780 | D:6      | Found a runed gate.
  3780 | D:6      | Found a runed gate.
  3785 | D:6      | Found a shimmering altar of Xom.
  3793 | D:6      | Reached skill level 5 in Fighting
  3793 | D:6      | Reached skill level 5 in Shields
  3940 | D:6      | Found a glowing golden altar of the Shining One.
  4137 | D:7      | Reached skill level 8 in Unarmed Combat
  4198 | D:7      | Reached XP level 9. HP: 77/79 MP: 8/8
  4216 | D:7      | this religion is such garbage
  4263 | D:7      | Reached skill level 1 in Throwing
  4307 | D:7      | Reached **** piety under Hepliaklqana
  4555 | D:7      | Reached skill level 9 in Unarmed Combat
  4635 | D:8      | Found a bloodstained altar of Trog.
  4706 | D:8      | Noticed Harold
  4740 | D:8      | Killed Harold
  4807 | D:8      | Noticed Pikel
  4815 | D:8      | Killed Pikel
  4815 | D:8      | Reached skill level 10 in Unarmed Combat
  4815 | D:8      | Reached XP level 10. HP: 68/88 MP: 9/9
  4829 | D:8      | Found Foparrug's Weapon Shop.
  4944 | D:8      | Noticed Psyche
  4953 | D:8      | Killed Psyche
  5159 | D:9      | Found a burning altar of Makhleb.
  5159 | D:9      | Found a sacrificial altar of Ru.
  5159 | D:9      | Found a hazy altar of Hepliaklqana.
  5207 | D:9      | Noticed a two-headed ogre
  5217 | D:9      | Killed a two-headed ogre
  5335 | D:9      | Found a runed door.
  5335 | D:9      | Found a shimmering altar of Xom.
  5335 | D:9      | Noticed a long sword of chaos
  5335 | D:9      | Noticed tilp's ghost (novice MfIE)
  5408 | D:9      | Found a shattered altar of Ashenzari.
  5410 | D:9      | Found a shimmering altar of Xom.
  5410 | D:9      | Found a snail-covered altar of Cheibriados.
  5412 | D:9      | Found a hide-covered altar of Uskayaw.
  5412 | D:9      | Found an opulent altar of Gozag.
  5412 | D:9      | Found a bloodstained altar of Trog.
  5447 | D:9      | Found a staircase to the Orcish Mines.
  5593 | D:9      | Reached skill level 11 in Unarmed Combat
  5643 | D:9      | Found a staircase to the Lair.
  5739 | D:9      | Found an ancient bone altar of Kikubaaqudgha.
  5803 | D:9      | Found a deep blue altar of Sif Muna.
  5875 | D:9      | Killed a long sword of chaos
  5890 | D:9      | Killed tilp's ghost
  5911 | D:10     | Entered Level 10 of the Dungeon
  5917 | D:10     | Noticed Sonja
  5917 | D:10     | Noticed Josephine
  5924 | D:10     | Killed Sonja
  5924 | D:10     | Reached skill level 5 in Throwing
  5924 | D:10     | Reached XP level 11. HP: 79/98 MP: 10/10
  5930 | D:10     | Killed Josephine
  6058 | D:10     | Found a shadowy altar of Dithmenos.
  6082 | D:10     | Found Buuleq's Antique Weapon Boutique.
  6164 | D:10     | Reached ***** piety under Hepliaklqana
  6227 | D:10     | Found Obis's Antique Armour Boutique.
  6273 | D:10     | Found Wasu Roh's Jewellery Emporium.
  6441 | D:10     | Reached skill level 12 in Unarmed Combat
  6542 | D:10     | Found Usatah's Magic Scroll Boutique.
  6546 | D:10     | Bought a scroll of teleportation for 45 gold pieces
  6546 | D:10     | Bought a scroll of fear for 52 gold pieces
  6546 | D:10     | Bought a scroll of blinking for 112 gold pieces
  6546 | D:10     | Bought a scroll of amnesia for 52 gold pieces
  6546 | D:10     | Bought a scroll of magic mapping for 52 gold pieces
  6546 | D:10     | Bought a scroll of teleportation for 45 gold pieces
  6548 | D:10     | Bought a scroll of identify for 30 gold pieces
  6548 | D:10     | Bought a scroll of identify for 30 gold pieces
  6548 | D:10     | Bought a scroll of identify for 30 gold pieces
  6837 | Lair:1   | Entered Level 1 of the Lair of Beasts
  6997 | Lair:1   | Reached skill level 1 in Invocations
  7548 | Lair:2   | Found a hole to the Spider Nest.
  8018 | Lair:2   | Noticed a fire dragon
  8030 | Lair:2   | Killed a fire dragon
  8030 | Lair:2   | Reached XP level 12. HP: 18/107 MP: 11/13
  8050 | Lair:2   | Identified the Grimoire of Clay and the Glacier
  8444 | Lair:3   | Reached ****** piety under Hepliaklqana
  8787 | Lair:3   | Noticed a four-headed hydra
  8793 | Lair:3   | Killed a four-headed hydra
  8991 | Lair:4   | Reached skill level 13 in Unarmed Combat
  9059 | Lair:4   | Found a staircase to the Shoals.
 10245 | Lair:5   | Noticed a death yak
 10245 | Lair:5   | Noticed a death yak
 10245 | Lair:5   | Noticed a death yak
 10245 | Lair:5   | Noticed a death yak
 10247 | Lair:5   | Noticed a death yak
 10270 | Lair:4   | HP: 5/109 [death yak (9)]
 10675 | Lair:5   | Noticed a five-headed hydra
 10680 | Lair:5   | Killed a five-headed hydra
 10878 | Lair:5   | Killed a death yak
 10883 | Lair:5   | Killed a death yak
 10884 | Lair:5   | Reached XP level 13. HP: 92/117 MP: 15/15
 11073 | Lair:5   | Reached skill level 5 in Invocations
 11080 | Lair:5   | Reached skill level 14 in Unarmed Combat
 11296 | Lair:6   | Entered Level 6 of the Lair of Beasts
 11390 | Lair:6   | Found a labyrinth entrance.
 11399 | Lab      | Entered a labyrinth
 11716 | Lab      | Noticed a minotaur
 11728 | Lab      | fucking shit religion
 11728 | Lab      | Killed a minotaur
 11734 | Lab      | Found the +9 staff of Wucad Mu {channel}
 11963 | Lair:6   | Found a staircase to the Slime Pits.
 12033 | Lair:6   | Noticed Kirke
 12054 | Lair:6   | Killed Kirke
 12431 | Lair:6   | Noticed a fire dragon
 12658 | Lair:6   | Reached XP level 14. HP: 53/126 MP: 17/17
 12734 | Lair:6   | Reached skill level 15 in Unarmed Combat
 12930 | Lair:6   | Found a large runed door.
 12931 | Lair:6   | Found a large runed door.
 14060 | D:12     | Found Wiokaiqa's Weapon Emporium.
 14346 | D:12     | Noticed Fannar
 14354 | D:12     | Killed Fannar
 14429 | D:12     | Reached skill level 10 in Fighting
 14694 | D:13     | Reached skill level 10 in Shields
 15766 | D:14     | Found a corrupted altar of Lugonu.
 15886 | D:14     | Reached skill level 1 in Armour
 15891 | D:14     | Found a gate to the Vaults.
 16023 | D:15     | Entered Level 15 of the Dungeon
 16678 | D:15     | Reached skill level 16 in Unarmed Combat
 16854 | D:15     | Found a staircase to the Depths.
 16934 | D:15     | Reached XP level 15. HP: 136/136 MP: 19/19
 17398 | Shoals:1 | Entered Level 1 of the Shoals
 17403 | Shoals:1 | Noticed Nikola
 17422 | Shoals:1 | HP: 2/136 [Nikola/rapier of electrocution (10)]
 17424 | Shoals:1 | Slain by a merfolk

Vault maps used:
D:1:      denvon_arrival_waterhouse
D:2:      first_ration, uniq_jessica
D:3:      chequers_ecumenical_altar_simple_redux
D:5:      serial_column_ruins, column_ruins_hut_ruined, column_ruins_grid_1,
          column_ruins_open_medium_water, column_ruins_open_small,
          column_ruins_columns_plus, column_ruins_columns_straight,
          serial_shops, shop_fountains, uniq_edmund
D:6:      marbit_many_paths, minmay_temple_entry_glassed_door,
          gammafunk_ghost_icy, basic_altar, nicolae_tso_carved_into_rock
D:8:      basic_altar, serial_shops, shop, blue_anna_alchemist, uniq_harold,
          uniq_pikel, uniq_psyche
D:9:      kennysheep_vampire_church, nicolae_overflow_quartered_altars,
          dpeg_oklobed_lair, david_orc_2, ebering_ghost_xom, doesnt_xom_only_xom
D:10:     serial_shops, shop, nicolae_shop_stone, nicolae_shop_statue_plus,
          kennysheep_mini_moat, nicolae_dithmenos_through_a_glass_darkly,
          uniq_sonja, uniq_josephine
D:12:     serial_shops, shop, kennysheep_boxes, uniq_fannar
D:14:     david_vaults_5, grunt_decor_cap, tgw_lugonu_bribe
D:15:     gammafunk_enter_depths_forms, minivault_24, minivault_26, minivault_27
Lair:2:   dragon1_lemuel, spider_nest_entry_a
Lair:3:   beast_lair_carwin_2
Lair:4:   elwin_shoals_entry_stream, lemuel_fruit_tree, serial_bayou_shore_a
Lair:5:   forest_entry_grove
Lair:6:   cheibrodos_lair_end_hotspot, minmay_slime_entry_oklob_open,
          lab_entry_generic, minmay_lair_oklob_chamber, uniq_kirke
Shoals:1: nicolae_shoals_c_island, uniq_nikola
Lab:      labyrinth_hidden_loot

Skill      XL: |  1  2  3  4  5  6  7  8  9 10 11 12 13 14 |
---------------+-------------------------------------------+-----
Unarmed Combat | 3 4 5 7 8 10 11 12 13 14 16 | 16.1
Fighting       | 3 4 5 6 7 8 9 10 | 10.4
Shields        | 3 4 5 6 7 8 9 10 | 10.0
Throwing       | 3 5 6 7 8 9 |  9.6
Invocations    | 2 4 6 7 |  7.7
Armour         | 2 |  2.2
Dodging        | |  2.4

Action                   |  1- 3 |  4- 6 |  7- 9 | 10-12 | 13-15 || total
-------------------------+-------+-------+-------+-------+-------++-------
Melee: Unarmed           |    93 |   131 |   213 |   439 |   610 ||  1486
Throw: Javelin           |       |       |     8 |       |       ||     8
       Tomahawk          |       |       |       |    13 |    13 ||    26
Invok: Ancestor Life: Ba |       |       |     1 |       |       ||     1
       Idealise          |       |       |       |       |     2 ||     2
Evoke: Wand              |       |       |    27 |    22 |    41 ||    90
       Box of beasts     |       |       |       |       |     5 ||     5
       Lamp of fire      |       |       |       |       |     2 ||     2
  Use: Potion            |       |     3 |     2 |     2 |     6 ||    13
       Scroll            |       |       |     5 |    17 |     4 ||    26
 Stab: Distracted        |       |     1 |     1 |     3 |     4 ||     9
  Eat: Chunk             |    18 |    12 |    20 |    55 |    52 ||   157
Armor: Robe              |    24 |    39 |    27 |    83 |    80 ||   253
       Skin              |     2 |       |    34 |    53 |    23 ||   112
Dodge: Dodged            |    63 |    33 |    49 |   122 |   168 ||   435
Block: Shield            |    43 |    62 |    98 |   254 |   279 ||   736

Table legend:
 A = Non-vault XP
 B = Vault XP
 C = Vault XP percentage of total XP
 D = Non-vault monster count
 E = Vault monster count
 F = Vault count percentage of total count
 G = Total turns spent on level
                 A         B        C        D         E       F
            +---------+---------+-------+---------+---------+-------
      Total |   74259 |   30789 |  29.3 |     465 |      92 |  16.5
            +---------+---------+-------+---------+---------+-------
        D:1 |      23 |       0 |   0.0 |      12 |       0 |   0.0
        D:2 |      46 |      37 |  44.6 |      15 |       1 |   6.2
        D:3 |     137 |       0 |   0.0 |      20 |       0 |   0.0
        D:4 |     521 |       0 |   0.0 |      23 |       0 |   0.0
        D:5 |     657 |     162 |  19.8 |      18 |       1 |   5.3
        D:6 |     602 |       0 |   0.0 |      15 |       0 |   0.0
        D:7 |    1436 |       0 |   0.0 |      32 |       0 |   0.0
        D:8 |     462 |    2145 |  82.3 |      15 |       4 |  21.1
        D:9 |    2506 |    2074 |  45.3 |      30 |      16 |  34.8
       D:10 |    1759 |    2546 |  59.1 |      35 |       5 |  12.5
       D:11 |    2724 |       0 |   0.0 |      31 |       0 |   0.0
       D:12 |    4575 |    1023 |  18.3 |      22 |       1 |   4.3
       D:13 |    7055 |       0 |   0.0 |      32 |       0 |   0.0
       D:14 |    4229 |    1024 |  19.5 |      18 |       1 |   5.3
       D:15 |    8869 |    3784 |  29.9 |      31 |       7 |  18.4
     Lair:1 |    2463 |       0 |   0.0 |      14 |       0 |   0.0
     Lair:2 |    3176 |    1394 |  30.5 |      15 |       2 |  11.8
     Lair:3 |    2368 |     557 |  19.0 |       9 |       4 |  30.8
     Lair:4 |    6854 |    1511 |  18.1 |      19 |       4 |  17.4
     Lair:5 |    9703 |    1097 |  10.2 |      28 |       7 |  20.0
     Lair:6 |   13855 |   12174 |  46.8 |      30 |      38 |  55.9
   Shoals:1 |     239 |       0 |   0.0 |       1 |       0 |   0.0
        Lab |       0 |    1261 | 100.0 |       0 |       1 | 100.0
            +---------+---------+-------+---------+---------+-------
